 Dungeon Crawl Stone Soup version 0.28-a0-1518-gbe868bca14 (webtiles) character file.

Game seed: 4249615027874826733

127 hashsling the Magician (level 4, -8/24 HPs)
             Began as a Deep Elf Hedge Wizard on Jan 16, 2022.
             Mangled by a gnoll (14 damage)
             ... on level 3 of the Dungeon.
             The game lasted 00:10:16 (3491 turns).

hashsling the Magician (Deep Elf Hedge Wizard)      Turns: 3491, Time: 00:10:17

Health: -8/24      AC:  2    Str:  7    XL:     4   Next: 85%
Magic:  1/14       EV: 12    Int: 21    God:
Gold:   29         SH:  0    Dex: 14    Spells: 3/15 levels left

rFire   . . .      SeeInvis .   a - +0 rapier (venom)
rCold   . . .      Faith    .   (no shield)
rNeg    . . .      Spirit   .   e - +0 robe
rPois   .          Reflect  .   c - +0 hat
rElec   .          Harm     .   (no cloak)
rCorr   .          Rampage  .   (no gloves)
Will    .....                   (no boots)
Stlth   ++........              (no amulet)
HPRegen 0.08/turn               (no ring)
MPRegen 0.14/turn               (no ring)

@: no status effects
A: no striking features
a: no special abilities


You were on level 3 of the Dungeon.
You visited 1 branch of the dungeon, and saw 3 of its levels.

You collected 49 gold pieces.
You spent 20 gold pieces at shops.

Inventory:

Hand Weapons
 a - a +0 rapier of venom (weapon)
 g - a +0 dagger of electrocution
Missiles
 k - 19 arrows
Armour
 c - a +0 hat (worn)
 e - a +0 robe (worn)
Jewellery
 l - an amulet of reflection
Scrolls
 d - 2 scrolls of identify
 i - a scroll of magic mapping {unknown}
Potions
 b - a potion of heal wounds {unknown}
 f - 3 potions of attraction
 h - a potion of curing {unknown}


   Skills:
 - Level 2.4 Dodging
 - Level 2.4 Stealth
 - Level 6.0 Spellcasting
 * Level 3.3 Conjurations
 - Level 1.1 Summonings
 + Level 2.3 Translocations


You had 3 spell levels left.
You knew the following spells:

 Your Spells              Type           Power      Damage    Failure   Level
a - Magic Dart            Conj           80%        1d7       2%          1
b - Blink                 Tloc           32%        N/A       5%          2
c - Call Imp              Summ           10%        N/A       10%         2
d - Slow                  Hex            24%        N/A       10%         1
e - Mephitic Cloud        Conj/Pois/Air  10%        N/A       19%         3
f - Conjure Flame         Conj/Fire      13%        6-21      16%         3

Your spell library contained the following spells:

 Spells                   Type           Power      Damage    Failure   Level


Dungeon Overview and Level Annotations

Branches:
Dungeon (3/15)

Altars:

Shops:
D:2 *

Annotations:
D:3 Robin


Message History

You hit the orc.
You kill the orc!
Casting: Magic Dart (safe; 2% risk of failure)
Confirm with . or Enter, or press ? or * to list all spells.
You blink.
The gnoll hits you from afar with a +0 halberd.
Casting: Blink (safe; 5% risk of failure)
Confirm with . or Enter, or press ? or * to list all spells.
A beastly little devil appears in a puff of flame.
The gnoll closely misses you. The gnoll barely misses you.
The gnoll hits your crimson imp with a +0 halberd.
The gnoll barely misses your crimson imp.
Your crimson imp hits the gnoll but does no damage.
The gnoll barely misses your crimson imp.
The gnoll closely misses your crimson imp.
Your crimson imp blinks!
You feel stable enough to blink again.
Your crimson imp blinks!
Aiming: Magic Dart (safe; 2% risk of failure)
Press: ? - help, Q - select action, (/) - cycle Shift-Dir - straight line, f - gnoll
Aim: a gnoll, wielding a +0 halberd (100% to hit)
The magic dart hits the gnoll.
The gnoll is lightly wounded.
Aiming: Magic Dart (safe; 2% risk of failure)
Press: ? - help, Q - select action, (/) - cycle Shift-Dir - straight line, f/p - gnoll
Aim: a gnoll, wielding a +0 halberd (lightly wounded, ally target, 100% to hit)
The magic dart hits the gnoll.
The gnoll is heavily wounded.
Aiming: Magic Dart (safe; 2% risk of failure)
Press: ? - help, Q - select action, (/) - cycle Shift-Dir - straight line, f/p - gnoll
Aim: a gnoll, wielding a +0 halberd (heavily wounded, ally target, 100% to hit)
The magic dart hits the gnoll.
The gnoll is severely wounded.
The gnoll hits you from afar with a +0 halberd!
Ouch! That really hurt!
* * * LOW HITPOINT WARNING * * *
There is a stone staircase leading up here.
The gnoll hits you from afar with a +0 halberd!
Ouch! That really hurt!
You die...

# .. .# ##### .##
##...## ###### ..
##.....## .....## #.##
#.......# ......###..#
#.......#
ยง......###.###g.@....#
)..........5.g......##
.......#####.#.......#
.......####..........#
.............#.......#
...)..)#####.##.....##
.......## #.......##
.................###
.......###########


You could see 2 gnolls and a friendly crimson imp (summoned).

Vanquished Creatures
  2 gnolls (D:3)
  3 adders
  A worm (D:2)
  An orc (D:3)
  10 endoplasms
  5 giant cockroaches
  6 goblins
  4 hobgoblins
  2 jackals (D:3)
  A quokka (D:1)
  5 ball pythons
  6 bats
  3 frilled lizards
  5 kobolds
  3 rats (D:1)
57 creatures vanquished.

Vanquished Creatures (collateral kills)
  An adder (D:2)
  A worm (D:2)
  A dart slug (D:2)
3 creatures vanquished.

Grand Total: 60 creatures vanquished

Notes
Turn   | Place    | Note
-------+----------+-------------------------------------------
     0 | D:1      | hashsling the Deep Elf Hedge Wizard began the quest for the
                  | Orb.
     0 | D:1      | Reached XP level 1. HP: 10/10 MP: 7/7
   184 | D:1      | Reached skill level 5 in Spellcasting
   336 | D:1      | Reached XP level 2. HP: 15/15 MP: 2/10
   339 | D:1      | Learned a level 2 spell: Blink
   342 | D:1      | Learned a level 2 spell: Call Imp
   869 | D:1      | Found a faded altar of an unknown god.
  1320 | D:2      | Reached XP level 3. HP: 19/19 MP: 4/12
  1322 | D:2      | Learned a level 1 spell: Slow
  1326 | D:2      | Learned a level 3 spell: Mephitic Cloud
  1330 | D:2      | Learned a level 3 spell: Conjure Flame
  1469 | D:2      | Reached skill level 6 in Spellcasting
  1954 | D:2      | Reached XP level 4. HP: 24/24 MP: 8/14
  2093 | D:2      | Found Luim's General Store.
  2097 | D:2      | Bought a scroll of identify for 20 gold pieces
  3087 | D:3      | Noticed Robin
  3491 | D:3      | Mangled by a gnoll

Illustrated notes

Levels and vault maps discovered:
D:1:      eino_arrival_druids_welcome, layout_basic,
          chequers_ecumenical_altar_simple
D:2:      layout_basic, serial_shops, shop, kennysheep_generic_room_16
D:3:      layout_rooms, minmay_misc_feat_columns, uniq_robin, uniq_sigmund

Skill      XL: |  1  2  3  4 |
---------------+-------------+-----
Spellcasting   | 5 6 |  6.0
Conjurations   | 2 3 |  3.3
Translocations | 2 |  2.3
Dodging        | |  2.4
Stealth        | |  2.4
Summonings     | |  1.1

Action                   |  1- 3 |  4- 6 || total
-------------------------+-------+-------++-------
Melee: Dagger            |     1 |       ||     1
       Rapier            |     7 |    23 ||    30
 Cast: Magic Dart        |   106 |    52 ||   158
       Call Imp          |     4 |     6 ||    10
       Blink             |     1 |     6 ||     7
  Use: Scroll            |       |     3 ||     3
Armor: Robe              |     1 |    11 ||    12
Dodge: Dodged            |    10 |    33 ||    43

Table legend: (Time is in decaauts)
 A = Elapsed time spent in this place.
 B = Non-inter-level travel time spent in this place.
 C = Inter-level travel time spent in this place.
 D = Time resting spent in this place.
 E = Time spent auto-exploring this place.
 F = Levels seen in this place.
 G = Mean time per level.
                   A        B        C        D        E       F      G
               +--------+--------+--------+--------+--------+-----+--------+
         Total |   3498 |   3428 |     70 |    510 |   2391 |   3 | 1166.0 |
       Dungeon |   3498 |   3428 |     70 |    510 |   2391 |   3 | 1166.0 |
               +--------+--------+--------+--------+--------+-----+--------+

Top non-repeatable levels by time:
     D:2: 1911 daAuts
     D:1: 1306 daAuts
     D:3: 279 daAuts
